 Dungeon Sprint DCSS version 0.17-a0-1778-gd369669 (webtiles) character file.

4993 KambridgeKobold the Grappler (level 10, 0/111 HPs)
             Began as a Troll Monk on Sept 8, 2015.
             Was a Believer of Ru.
             Slain by a centaur warrior (8 damage)
             ... in the Dungeon (Sprint I: "Red Sonja").
             The game lasted 00:05:57 (1120 turns).

KambridgeKobold the Grappler (Troll Monk)           Turns: 1120, Time: 00:05:57

Health: 0/111      AC:  5    Str: 23    XL:     10   Next: 29%
Magic:  9/9        EV: 16    Int:  6    God:    Ru [**....]
Gold:   558        SH:  0    Dex: 13    Spells: 0 memorised, 9 levels left

rFire  . . .     SeeInvis .       - Unarmed
rCold  . . .     Clarity  .     a - +0 robe
rNeg   . . .     SustAt   .     (no shield)
rPois  .         Gourm    +     (helmet restricted)
rElec  .         Spirit   .     (no cloak)
rCorr  .         Warding  .     (gloves unavailable)
rMut   .         NoTele   +     (boots unavailable)
MR     .....                    (no amulet)
Stlth  +.........               (no ring)
                                (no ring)

@: not resistant to hostile enchantments, very unstealthy
A: unfitting armour, claws 3, fast metabolism 3, gourmand, regeneration 2,
shaggy fur 1, tough skin 2, hated by all, unskilled 1
a: Renounce Religion


You were in the Dungeon.
You worshipped Ru.
Ru was pleased with you.
You were very full.

You visited 1 branch You collected 558 gold pieces.

Inventory:

Armour
 a - a +0 robe (worn)
Magical devices
 e - a wand of lightning (8)
Scrolls
 h - a scroll of blinking
Potions
 c - a potion of curing
 d - 2 potions of heal wounds
 f - 3 potions of magic
Comestibles
 b - 2 bread rations
 g - 6 chunks of flesh


   Skills:
 + Level 10.9 Fighting
 + Level 11.8 Dodging
 - Level 1.0 Stealth
 + Level 13.0 Unarmed Combat


You had 9 spell levels left.
You didn't know any spells.

Dungeon Overview and Level Annotations

Branches:
Dungeon (1/1)

Altars:
Cheibriados
Dithmenos
Elyvilon
Fedhas
Gozag
Kikubaaqudgha
Makhleb
Nemelex Xobeh
Okawaru
Qazlal
Ru
Sif Muna
Trog
Vehumet
Xom
Yredelemnul
Zin
The Shining One
Jiyva

Shops:
D %


Innate Abilities, Weirdness & Mutations

You are too large for most types of armour.
You have claws for hands.
Your metabolism is lightning-fast.
You like to eat raw meat.
You heal very quickly.
You are covered in fur (AC +1).
You have very tough skin (AC +2).
You are hated by all.
You are somewhat unskilled (-1 Apt).


Message History

Unknown command.
You claw the centaur warrior!
The centaur warrior is lightly wounded.
The centaur warrior hits you but does no damage.
The centaur warrior hits you!
* * * LOW HITPOINT WARNING * * *
You scratch the centaur warrior but do no damage.
The centaur warrior is lightly wounded.
The centaur warrior hits you!
* * * LOW HITPOINT WARNING * * *
You mangle the centaur warrior!!
The centaur warrior is heavily wounded.
The centaur warrior is stunned by your will and fails to attack.
You claw the centaur warrior!
The centaur warrior is severely wounded.
The centaur warrior closely misses you.
You barely miss the centaur warrior.
The centaur warrior is severely wounded.
The centaur warrior hits you!
You die...

#################################
#..').#.)'..#__#..'.).#§.#§§§§§§§
)..#..'..#..'..'..#)..##'#.####.§
#####'#####'#__####...'§§#.# ##§
####..#...#.####§§#####§§'§# ##
#__####..##.#§§§§§# #+####
#_..__##'#..'≈≈§@.+ #.§
#_.∩...'..._#§§§§c# #.§
#_..._##_§#'##+#### ###
#_____###+#)# ####### ###


You could see a centaur warrior.

Vanquished Creatures
  A centaur warrior (D)
  A lindwurm (D)
  4 demonic crawlers (D)
  2 kobold demonologists (D)
  A slime creature (D)
  Sigmund (D)
  13 hogs (D)
  A yak (D)
  An ogre (D)
  A jelly (D)
  Ijyb (D)
  A giant eyeball (D)
28 creatures vanquished.

Vanquished Creatures (others)
  A gargoyle (D)
1 creature vanquished.

Grand Total: 29 creatures vanquished

Notes
Turn   | Place    | Note
--------------------------------------------------------------
     0 | D        | KambridgeKobold the Troll Monk began the quest for the Orb.
     0 | D        | Reached XP level 1. HP: 22/22 MP: 0/0
     1 | D        | Noticed Ijyb
    13 | D        | Killed Ijyb
    13 | D        | Reached skill level 5 in Unarmed Combat
    13 | D        | Reached XP level 2. HP: 24/31 MP: 1/1
    26 | D        | Noticed an ogre
    33 | D        | Killed an ogre
    33 | D        | Reached skill level 6 in Dodging
    33 | D        | Reached XP level 3. HP: 21/40 MP: 2/2
    33 | D        | Reached XP level 4. HP: 25/49 MP: 3/3
    84 | D        | Noticed Sigmund
    88 | D        | Killed Sigmund
    88 | D        | Reached skill level 5 in Fighting
    88 | D        | Reached skill level 7 in Dodging
    88 | D        | Reached XP level 5. HP: 55/59 MP: 4/4
    88 | D        | Reached XP level 6. HP: 62/67 MP: 5/5
   100 | D        | Found a deep blue altar of Sif Muna.
   101 | D        | Noticed a jelly
   102 | D        | Found a radiant altar of Vehumet.
   104 | D        | Killed a jelly
   104 | D        | Reached skill level 8 in Dodging
   130 | D        | Found Ahuext's Food Emporium.
   130 | D        | Found a white marble altar of Elyvilon.
   130 | D        | Found a stormy altar of Qazlal.
   130 | D        | Found a basalt altar of Yredelemnul.
   130 | D        | Found an iron altar of Okawaru.
   130 | D        | Found a sparkling altar of Nemelex Xobeh.
   130 | D        | Found a shimmering altar of Xom.
   130 | D        | Found an ancient bone altar of Kikubaaqudgha.
   130 | D        | Noticed a yak
   140 | D        | Killed a yak
   141 | D        | Found a burning altar of Makhleb.
   141 | D        | Found a sacrificial altar of Ru.
   141 | D        | Found a glowing golden altar of the Shining One.
   141 | D        | Found an opulent altar of Gozag.
   141 | D        | Found a glowing silver altar of Zin.
   144 | D        | Found a bloodstained altar of Trog.
   177 | D        | Became a worshipper of Ru the Awakened
   192 | D        | Gained mutation: You are somewhat unskilled (-1 Apt). [Ru sacrifice]
   192 | D        | Acquired Ru's first power
   201 | D        | Found a snail-covered altar of Cheibriados.
   201 | D        | Found a viscous altar of Jiyva.
   201 | D        | Found a shadowy altar of Dithmenos.
   201 | D        | Found a blossoming altar of Fedhas.
   201 | D        | Noticed a slime creature
   210 | D        | Killed a slime creature
   210 | D        | Reached skill level 8 in Dodging
   210 | D        | Reached XP level 7. HP: 30/76 MP: 6/6
   294 | D        | Noticed a kobold demonologist
   296 | D        | Noticed a kobold demonologist
   303 | D        | Killed a kobold demonologist
   303 | D        | Reached skill level 9 in Unarmed Combat
   309 | D        | Noticed an orange demon
   317 | D        | Killed a kobold demonologist
   317 | D        | Reached XP level 8. HP: 49/88 MP: 7/7
   499 | D        | Noticed a demonic crawler
   499 | D        | Noticed a demonic crawler
   499 | D        | Noticed a demonic crawler
   499 | D        | Noticed a demonic crawler
   505 | D        | Killed a demonic crawler
   505 | D        | Reached skill level 10 in Unarmed Combat
   510 | D        | Killed a demonic crawler
   514 | D        | Killed a demonic crawler
   514 | D        | Reached skill level 10 in Dodging
   521 | D        | Killed a demonic crawler
   521 | D        | Reached skill level 11 in Unarmed Combat
   521 | D        | Reached XP level 9. HP: 7/98 MP: 8/8
   658 | D        | Noticed a lindwurm
   666 | D        | Killed a lindwurm
   732 | D        | Noticed a hog
   732 | D        | Noticed a hog
   732 | D        | Noticed a hog
   732 | D        | Noticed a hog
   732 | D        | Noticed a hog
   734 | D        | Noticed a hog
   735 | D        | Noticed a hog
   739 | D        | Killed a hog
   740 | D        | Noticed a hog
   740 | D        | Noticed a hog
   741 | D        | Noticed a hog
   741 | D        | Noticed a hog
   741 | D        | Noticed a hog
   742 | D        | Noticed a hog
   742 | D        | Killed a hog
   751 | D        | Gained mutation: You are hated by all. [Ru sacrifice]
   751 | D        | Acquired Ru's second power
   754 | D        | Killed a hog
   758 | D        | Killed a hog
   761 | D        | Killed a hog
   761 | D        | Reached skill level 10 in Fighting
   761 | D        | Reached skill level 12 in Unarmed Combat
   766 | D        | Killed a hog
   770 | D        | Killed a hog
   774 | D        | Killed a hog
   776 | D        | Killed a hog
   778 | D        | Killed a hog
   778 | D        | Reached XP level 10. HP: 15/111 MP: 9/9
   779 | D        | Killed a hog
  1006 | D        | Killed a hog
  1007 | D        | Killed a hog
  1008 | D        | Killed a gargoyle
  1102 | D        | Noticed a centaur warrior
  1104 | D        | Noticed a centaur warrior
  1115 | D        | Killed a centaur warrior
  1115 | D        | Reached skill level 13 in Unarmed Combat
  1120 | D        | Slain by a centaur warrior

Vault maps used:
D:        dungeon_sprint_1

Action                   |  1- 3 |  4- 6 |  7- 9 | 10-12 || total
-------------------------+-------+-------+-------+-------++-------
Melee: Unarmed           |    16 |    20 |    87 |    23 ||   146
Invok: Sacrifice Skill   |       |     1 |       |       ||     1
       Sacrifice Love    |       |       |     1 |       ||     1
  Use: Potion            |       |       |     2 |     1 ||     3
 Stab: Invisible         |       |       |     1 |     1 ||     2
  Eat: Chunk             |     2 |     5 |     6 |     3 ||    16
